 Dungeon Crawl Stone Soup version 0.27.1-2-g3b301248ec (webtiles) character file.

Game seed: 7988303050516791347

228 BobTheBalder the Digger (level 5, -6/38 (39) HPs)
             Began as a Draconian Earth Elementalist on Sept 21, 2021.
             Was a Follower of the Shining One.
             Mangled by Sigmund (8 damage)
             ... on level 4 of the Dungeon on Sept 27, 2021.
             The game lasted 00:34:25 (4009 turns).

BobTheBalder the Digger (DrEE)                      Turns: 4009, Time: 00:34:25

HP:   -6/38 (39)    AC:  5    Str: 11    XL:     5   Next: 70%
MP:   4/10          EV: 12    Int: 15    God:    the Shining One [*.....]
Gold: 153           SH:  0    Dex: 12    Spells: 7/11 levels left

rFire    . . .     SeeInvis .   g - +0 mace
rCold    . . .     Faith    .   (no shield)
rNeg     . . .     Spirit   .   (armour unavailable)
rPois    .         Reflect  .   (helmet restricted)
rElec    .         Harm     .   o - scarf {+Inv}
rCorr    .         Rampage  .   (no gloves)
Will     .....                  (no boots)
Stlth    +.........             (no amulet)
HPRegen  0.12/turn              (no ring)
MPRegen  0.12/turn              (no ring)

@: confused, glowing, lightly drained
A: AC +5, unfitting armour, cold-blooded
a: Renounce Religion, Evoke Invisibility


You were on level 4 of the Dungeon.
You worshipped the Shining One.
The Shining One was aware of your devotion.
You visited 1 branch of the dungeon, and saw 6 of its levels.

You collected 153 gold pieces.

Inventory:

Hand Weapons
 c - a +0 whip
 d - a +0 dagger
 g - a +0 mace (weapon)
 m - a +0 antimagic dagger
Missiles
 b - 25 stones
Armour
 o - a scarf of invisibility (worn)
Wands
 j - a wand of digging (5)
Scrolls
 l - a scroll of magic mapping
 p - a scroll of identify
 q - 2 scrolls of enchant armour {unknown}
Potions
 a - a potion of flight
 e - 2 potions of might {unknown}
 h - a potion of invisibility {unknown}
 i - a potion of mutation {unknown}
 k - a potion of degeneration {unknown}
 n - a potion of lignification {unknown}
 s - 2 potions of curing {unknown}


   Skills:
 + Level 0.7 Fighting
 + Level 0.5 Maces & Flails
 + Level 2.1 Dodging
 + Level 2.1 Stealth
 + Level 3.6 Spellcasting
 + Level 0.2 Conjurations
 + Level 1.0 Transmutations
 + Level 4.9 Earth Magic


You had 7 spell levels left.
You knew the following spells:

 Your Spells              Type           Power      Damage    Failure   Level
a - Sandblast             Erth           34%        2d9       2%          1
b - Stone Arrow           Conj/Erth      20%        3d8       19%         3

Your spell library contained the following spells:

 Spells                   Type           Power      Damage    Failure   Level
 Passwall                 Tmut/Erth      9%         N/A       9%          2
 Petrify                  Tmut/Erth      11%        N/A       47%         4
 Frozen Ramparts          Ice            4%         1d2       50%         3
 Ice Form                 Ice/Tmut       4%         N/A       83%         4
 Summon Ice Beast         Ice/Summ       2%         N/A       88%         4


Dungeon Overview and Level Annotations

Branches:
Dungeon (6/15)
 Temple: D:4-7

Altars:
Ashenzari
Dithmenos
Elyvilon
Okawaru
Wu Jian
The Shining One

Shops:
D:6 [

Annotations:
D:4 Eustachio, Sigmund
D:5 Dowan, Duvessa


Innate Abilities, Weirdness & Mutations

Your plain brown scales are hard. (AC +5)
You cannot fit into any form of body armour.
You are cold-blooded and may be slowed by cold attacks.


Message History

The iron imp misses you.
Eustachio says, "My allies will avenge me."
Eustachio mumbles some strange words.
Eustachio blinks!
As you read the scroll of teleportation, it crumbles to dust.
You feel strangely unstable. The iron imp hits you!
* * * LOW HITPOINT WARNING * * *
Eustachio mumbles some strange words.
The iron imp hits you.
* * * LOW HITPOINT WARNING * * *
The iron imp hits you.
* * * LOW HITPOINT WARNING * * *
The iron imp puffs mist at you. The iron imp closely misses you.
The iron imp hits you but does no damage.
Eustachio screams, "Hey, you killed my favourite bat!"
Your surroundings suddenly seem different.
Sigmund shouts!
Sigmund gestures at you while chanting.
You are confused.
You bump into the rock wall.
You are too confused!
You bump into the rock wall.
Sigmund gestures wildly while chanting.
Sigmund flickers and vanishes for a moment.
Sigmund closely misses you.
You bump into the rock wall.
Sigmund points at you and mumbles some strange words.
You are more confused.
You bump into the rock wall.
Sigmund breathes a few words.
Sigmund's hands start flickering wildly.
Sigmund barely misses you.
You bump into the rock wall.
Sigmund hits you with a +0 scythe.
* * * LOW HITPOINT WARNING * * *
Sigmund hits you but does no damage.
You're too confused to move!
Something hits you!
You die...

#########..#...>...####
#..#.#####.# #$.# ..#.#
#.g# #.#.# #!.# #.#.#
#..# #.#.# #{.# #.#g#
#..#####.#.#
#.@......#.#
##.........#
###########


You could see a hobgoblin.

Vanquished Creatures
  A black bear (D:2)
  A hound (D:6)
  4 adders
  A worm (D:3)
  2 dart slugs (D:3)
  2 orcs (D:3)
  9 bats
  6 endoplasms
  2 giant cockroaches (D:1)
  7 goblins
  4 hobgoblins
  7 kobolds
  3 quokkas (D:2)
  7 ball pythons
  3 frilled lizards
  5 rats
64 creatures vanquished.

Notes
Turn   | Place    | Note
-------+----------+-------------------------------------------
     0 | D:1      | BobTheBalder the Draconian Earth Elementalist began the
                  | quest for the Orb.
     0 | D:1      | Reached XP level 1. HP: 14/14 MP: 3/3
   129 | D:1      | Reached XP level 2. HP: 20/20 MP: 1/5
  1189 | D:2      | Reached XP level 3. HP: 26/26 MP: 4/6
  1247 | D:2      | Upgraded the game from 0.27.1-1-g398f81649c to
                  | 0.27.1-2-g3b301248ec
  1249 | D:2      | Noticed a black bear
  1300 | D:2      | Killed a black bear
  1301 | D:2      | Reached skill level 4 in Earth Magic
  1301 | D:2      | Reached XP level 4. HP: 29/33 MP: 2/8
  1306 | D:2      | Learned a level 3 spell: Stone Arrow
  1744 | D:2      | Found a faded altar of an unknown god.
  1853 | D:2      | Became a worshipper of the Shining One
  1853 | D:2      | Reached * piety under the Shining One
  1860 | D:2      | Reached XP level 5. HP: 38/38 MP: 6/10
  2591 | D:3      | Found an ornate altar of the Wu Jian Council.
  2595 | D:3      | Found an iron altar of Okawaru.
  2595 | D:3      | Found a white marble altar of Elyvilon.
  2597 | D:3      | Found a glowing golden altar of the Shining One.
  2952 | D:3      | Found a shadowy altar of Dithmenos.
  3137 | D:3      | You fall into a shaft and drop 3 floors!
  3181 | D:6      | Found Nugop's Antique Armour Boutique.
  3194 | D:6      | Noticed a necrophage
  3198 | D:6      | Noticed an ice beast
  3200 | D:5      | Entered Level 5 of the Dungeon
  3205 | D:5      | Noticed Dowan
  3205 | D:5      | Noticed Duvessa
  3243 | D:4      | Noticed Sigmund
  3682 | D:3      | Found a broken altar of Ashenzari.
  3957 | D:4      | Noticed Eustachio
  4006 | D:4      | HP: 1/38 [Sigmund (3)]
  4009 | D:4      | Mangled by Sigmund

Illustrated notes

Levels and vault maps discovered:
D:1:      minmay_arrival_shoal_huts, layout_basic, minmay_tetromino_s4
D:2:      layout_basic, shapermc_ecumenical_altar_starsandcircs
D:3:      layout_loops_ring, lemuel_coloured_pillars_altar,
          nicolae_dithmenos_the_darkroom, grunt_temple_overflow_open
D:4:      layout_basic, uniq_sigmund, uniq_eustachio
D:5:      layout_rooms, uniq_duvessa
D:6:      layout_loops_ring, nicolae_ru_great_annihilating_truth, serial_shops,
          shop, kennysheep_nondescript, corexii_corridor_pit,
          kennysheep_generic_room_8

Skill      XL: |  1  2  3  4  5 |
---------------+----------------+-----
Dodging        | 2 |  2.1
Spellcasting   | 3 |  3.6
Earth Magic    | 4 |  4.9
Stealth        | 2 |  2.1
Fighting       | |  0.7
Maces & Flails | |  0.5
Conjurations   | |  0.2
Transmutations | |  1.0

Action                   |  1- 3 |  4- 6 || total
-------------------------+-------+-------++-------
Melee: Whip              |    11 |       ||    11
       Mace              |     7 |    22 ||    29
       Tailslap          |       |     5 ||     5
 Cast: Sandblast         |    49 |    33 ||    82
       Stone Arrow       |       |    13 ||    13
  Use: Scroll            |     1 |     8 ||     9
Armor: Skin              |    13 |    12 ||    25
Dodge: Dodged            |    34 |    40 ||    74
